 Dungeon Crawl Stone Soup version 0.18.1-48-g4cf74bf (webtiles) character file.

5133 Alarkh the Twirler (level 10, -3/73 HPs)
             Began as a Mummy Wizard on Aug 6, 2016.
             Was an Initiate of Gozag.
             Slain by Galewin's ghost (23 damage)
             ... on level 8 of the Dungeon.
             The game lasted 00:17:38 (10180 turns).

Alarkh the Twirler (Mummy Wizard)                  Turns: 10180, Time: 00:17:38

Health: -3/73      AC:  4    Str: 11    XL:     10   Next: 33%
Magic:  2/21       EV:  9    Int: 20    God:    Gozag
Gold:   1426       SH:  0    Dex: 15    Spells: 5 memorised, 12 levels left

rFire  x x .     SeeInvis .     a - +2 dagger (venom)
rCold  + + .     Gourm    .     d - +0 robe
rNeg   + + +     Faith    .     (no shield)
rPois  ∞         Spirit   .     b - +0 hat
rElec  .         Dismiss  .     t - +0 cloak
rCorr  .         Reflect  .     (no gloves)
SustAt .         Harm     .     x - +0 pair of boots
MR     +....                    (no amulet)
Stlth  ++........               h - ring of ice
                                f - +4 ring of dexterity

@: somewhat resistant to hostile enchantments, unstealthy
A: no food or potions, fire vulnerability, cold resistance 1, negative energy
resistance 3, torment resistance, unbreathing
a: Potion Petition, Call Merchant, Bribe Branch, Renounce Religion


You were on level 8 of the Dungeon.
You worshipped Gozag.
Gozag was noncommittal.
You were not hungry.

You visited 2 branches of the dungeon, and saw 9 of its levels.

You collected 1481 gold pieces.
You paid 55 gold pieces to Gozag.

Inventory:

Hand Weapons
 a - a +2 dagger of venom (weapon)
 w - a +0 short sword
Armour
 b - a +0 hat (worn)
 d - a +0 robe (worn)
 t - a +0 cloak (worn)
 x - a +0 pair of boots (worn)
Magical Staves
 v - an uncursed staff of summoning
Jewellery
 f - a +4 ring of dexterity (left hand)
 h - a ring of ice (right hand)
Wands
 n - a wand of random effects (20/48)
 o - a wand of paralysis (10/24)
 r - a wand of iceblast (8/15)
Scrolls
 e - a scroll of identify
 g - 6 scrolls of remove curse
 i - 2 scrolls of teleportation
 j - a scroll of magic mapping
 k - a scroll of recharging
 l - a scroll of blinking
 m - 2 scrolls of amnesia
 p - 2 scrolls of fear
 q - a scroll of enchant weapon
 s - a scroll of enchant armour
 u - a scroll of acquirement {unknown}
Books
 c - a book of Minor Magic

   Spells                             Type                      Level
   a - Magic Dart                     Conjuration                  1
   b - Blink                          Translocation                2
   c - Call Imp                       Summoning                    2
   d - Repel Missiles                 Charms/Air                   2
   e - Slow                           Hexes                        2
   f - Conjure Flame                  Conjuration/Fire             3
   g - Mephitic Cloud                 Conjuration/Poison/Air       3


   Skills:
 - Level 4.3 Fighting
 + Level 7.5 Staves
 - Level 3.5 Armour
 - Level 4.1 Dodging
 - Level 1.5 Stealth
 - Level 7.4 Spellcasting
 - Level 5.0 Conjurations
   Level 0.7 Summonings
 - Level 0.7 Translocations


You had 12 spell levels left.
You knew the following spells:

 Your Spells              Type           Power        Failure   Level  Hunger
a - Magic Dart            Conj           ####         1%          1    N/A
b - Blink                 Tloc           N/A          12%         2    N/A
c - Mephitic Cloud        Conj/Pois/Air  ##......     14%         3    N/A
d - Repel Missiles        Chrm/Air       #.....       17%         2    N/A
e - Conjure Flame         Conj/Fire      #.......     12%         3    N/A

Dungeon Overview and Level Annotations

Branches:
Dungeon (8/15)             Temple (1/1) D:7
   Lair: D:8-11

Altars:
Ashenzari
Cheibriados
Dithmenos
Elyvilon
Fedhas
Gozag
Kikubaaqudgha
Makhleb
Nemelex Xobeh
Okawaru
Pakellas
Qazlal
Ru
Sif Muna
Trog
Vehumet
Xom
Yredelemnul
Zin
The Shining One

Annotations:
D:8 Galewin's ghost, novice MiBe


Innate Abilities, Weirdness & Mutations

You do not eat or drink.
Your flesh is vulnerable to fire.
You are immune to poison.
Your flesh is cold resistant.
You are immune to negative energy.
You are immune to unholy pain and torment.
You can survive without breathing.


Message History

Galewin's ghost is engulfed in roaring flames.
Press: ? - help, v - describe, . - travel
Here: Galewin's ghost (flame, moderately damaged)
The floor.
Casting: Conjure Flame
Confirm with . or Enter, or press ? or * to list all spells.
Aiming: Conjure Flame
Press: ? - help, Dir - move target cursor You feel a numb sensation.
The fire roars!
Galewin's ghost is engulfed in roaring flames.
Galewin's ghost hits you!!
* * * LOW HITPOINT WARNING * * *
Galewin's ghost is engulfed in roaring flames.
Galewin's ghost screams, "Don't try to defend!
You have no chance!"
Found 22 stones.
Found a dagger.
There is a stone staircase leading up here.
Galewin's ghost hits you!!
You die...
Your body crumbles into a pile of gold.

##..... .........
...!...## .........
#....## #........
#....#..## #.%..#...
#.... ##..# ##<......#
.....####.####......####
...#.............#.## ..
#####....#.#....# .
#......§@....# #
..........W.##.#
.......#..#....###
.......#...........
......##....######.
...(.. #.....#
..........##..#
.......... .... $
...###.# ###.#


You could see Galewin's ghost.

Vanquished Creatures
  2 hill giants
  The ghost of Joat the Insei, a novice OpMo of Cheibriados (D:5)
  Maurice (D:7)
  6 yaks (D:7)
  A hippogriff (D:8)
  2 necrophages
  2 black bears (D:6)
  2 ice beasts
  2 ogres
  2 phantoms
  A crocodile (D:7)
  2 centaurs (D:6)
  4 giant frogs
  A big kobold (D:7)
  6 killer bees (D:7)
  A crimson imp (D:5)
  A giant frog zombie (D:6)
  A centaur skeleton (D:4)
  A quasit (D:6)
  4 hounds
  2 jellies
  A gnoll shaman (D:7)
  An orc wizard (D:3)
  3 iguanas
  Terence (D:5)
  9 worker ants
  2 hound skeletons (D:4)
  Robin (D:3)
  3 gnolls (D:7)
  A howler monkey skeleton (D:6)
  9 adders
  A shadow imp (D:5)
  6 worms
  A dart slug (D:1)
  6 giant geckos
  6 orcs
  6 giant cockroaches
  14 goblins
  15 hobgoblins
  9 jackals
  2 quokkas
  14 bats
  6 giant newts
  2 jackal skeletons (D:7)
  15 kobolds
  2 quokka skeletons (D:4)
  A quokka zombie (D:6)
  6 rats
188 creatures vanquished.

Vanquished Creatures (others)
  A black bear (D:6)
  A scorpion (D:6)
  A howler monkey (D:6)
  An iguana (D:6)
  An adder (D:6)
5 creatures vanquished.

Grand Total: 193 creatures vanquished

Notes
Turn   | Place    | Note
--------------------------------------------------------------
     0 | D:1      | Alarkh the Mummy Wizard began the quest for the Orb.
     0 | D:1      | Reached XP level 1. HP: 13/13 MP: 4/4
    23 | D:1      | Reached skill level 1 in Conjurations
    77 | D:1      | Reached XP level 2. HP: 13/19 MP: 0/6
   471 | D:1      | Reached XP level 3. HP: 22/24 MP: 1/7
   475 | D:1      | Learned a level 2 spell: Blink
   479 | D:1      | Learned a level 3 spell: Mephitic Cloud
   589 | D:1      | Learned a level 2 spell: Repel Missiles
  1120 | D:2      | Reached XP level 4. HP: 13/30 MP: 0/9
  1710 | D:3      | Noticed Terence
  1878 | D:3      | Found a shattered altar of Ashenzari.
  1894 | D:3      | Found a radiant altar of Vehumet.
  1894 | D:3      | Found a sacrificial altar of Ru.
  1896 | D:3      | Found an opulent altar of Gozag.
  1897 | D:3      | Found a snail-covered altar of Cheibriados.
  1900 | D:3      | Found an oddly glowing altar of Pakellas.
  1904 | D:3      | Became a worshipper of Gozag Ym Sagoz the Greedy
  2198 | D:3      | Reached XP level 5. HP: 27/35 MP: 1/11
  2342 | D:3      | Noticed Robin
  2355 | D:3      | Killed Robin
  3281 | D:4      | Reached skill level 5 in Spellcasting
  3281 | D:4      | Reached XP level 6. HP: 37/41 MP: 3/13
  3561 | D:3      | Learned a level 3 spell: Conjure Flame
  4299 | D:5      | Entered Level 5 of the Dungeon
  4486 | D:5      | Noticed Joat's ghost (novice OpMo)
  4659 | D:5      | Noticed an ice beast
  4932 | D:5      | Reached XP level 7. HP: 39/46 MP: 3/15
  5186 | D:5      | Killed Terence
  6016 | D:5      | Killed Joat's ghost
  6016 | D:5      | Reached skill level 1 in Fighting
  6016 | D:5      | Reached skill level 1 in Armour
  6016 | D:5      | Reached skill level 5 in Conjurations
  6016 | D:5      | Reached XP level 8. HP: 32/56 MP: 5/17
  6136 | D:6      | Noticed a hill giant
  6421 | D:6      | Killed a hill giant
  6459 | D:6      | Found a shimmering altar of Xom.
  7008 | D:6      | Found a white marble altar of Elyvilon.
  7022 | D:6      | Reached XP level 9. HP: 42/65 MP: 11/19
  7273 | D:7      | Found a burning altar of Makhleb.
  7622 | D:7      | Reached skill level 1 in Staves
  7648 | D:7      | Noticed a hill giant
  7668 | D:7      | Killed a hill giant
  7745 | D:7      | Found a staircase to the Ecumenical Temple.
  7754 | Temple   | Entered the Ecumenical Temple
  8072 | D:7      | HP: 3/66 [ice beast (3)]
  8386 | D:7      | Reached skill level 5 in Staves
  8809 | D:7      | Reached XP level 10. HP: 50/73 MP: 10/21
  8919 | D:8      | Noticed Maurice
  9060 | D:8      | Noticed Galewin's ghost (novice MiBe)
  9235 | D:7      | Paralysed by something for 7 turns
  9266 | D:7      | Killed Maurice
 10180 | D:8      | Slain by Galewin's ghost

Skill      XL: |  1  2  3  4  5  6  7  8  9 10 |
---------------+-------------------------------+-----
Conjurations   | 1 2 3 4 5 |  5.0
Spellcasting   | 4 5 6 7 |  7.4
Fighting       | 1 3 4 |  4.3
Armour         | 1 3 |  3.5
Dodging        | 2 3 4 |  4.1
Staves         | 6 7 |  7.5
Stealth        | |  1.5
Summonings     | |  0.7
Translocations | |  0.7

Action                   |  1- 3 |  4- 6 |  7- 9 | 10-12 || total
-------------------------+-------+-------+-------+-------++-------
Melee: Short sword       |    61 |   113 |    34 |       ||   208
       Unarmed           |     1 |       |       |       ||     1
       Dagger            |       |       |    74 |    25 ||    99
 Cast: Magic Dart        |    86 |   258 |   222 |    44 ||   610
       Mephitic Cloud    |       |     5 |    11 |     6 ||    22
       Conjure Flame     |       |     3 |    20 |    13 ||    36
       Repel Missiles    |       |       |     1 |     1 ||     2
       Blink             |       |       |     3 |     4 ||     7
  Use: Scroll            |       |     4 |     6 |       ||    10
 Stab: Confused          |       |     5 |     5 |     4 ||    14
       Sleeping          |       |     2 |       |       ||     2
Armor: Robe              |    15 |    22 |    34 |     7 ||    78
Dodge: Dodged            |    80 |   141 |   158 |    42 ||   421
       Deflected         |       |       |     1 |     2 ||     3
